 Dungeon Crawl Stone Soup version 0.30-b1-5-g8e6c1be481 (webtiles) character file.

Game seed: 14322390543546574287

4 tizbic2 the Gusty (level 1, 0/14 HPs)
             Began as a Demigod Air Elementalist on May 4, 2023.
             Slain by a jackal (1 damage)
             ... on level 1 of the Dungeon.
             The game lasted 00:01:04 (231 turns).

tizbic2 the Gusty (Demigod Air Elementalist)         Turns: 231, Time: 00:01:04

Health: 0/14       AC:  8    Str:  9    XL:     1   Next: 40%
Magic:  5/5        EV:  5    Int: 17    God:
Gold:   25         SH:  0    Dex: 14    Spells: 2/3 levels left

rFire   . . .        (no weapon)
rCold   . . .        (no shield)
rNeg    . . .        c - +0 chain mail
rPois   .            (no helmet)
rElec   .            (no cloak)
rCorr   .            (no gloves)
SInv    .            (no boots)
Will    .....        (no amulet) Stlth
                     (no ring)
HPRegen 0.22/turn    (no ring)
MPRegen 0.09/turn

%: no passive effects
@: no status effects
A: high MP 1, forlorn, divine attributes
a: no special abilities


You were on level 1 of the Dungeon.
You visited 1 branch of the dungeon, and saw 1 of its levels.

You collected 25 gold pieces.

Inventory:

Armour
 a - a +0 robe
 c - a +0 chain mail (worn)
Potions
 b - a potion of magic


   Skills:
 + Level 0.1 Fighting
 * Level 0.3 Armour
 - Level 1.7 Dodging
 - Level 1.7 Stealth
 - Level 1.7 Spellcasting
 - Level 0.8 Conjurations
 + Level 0.1 Translocations
 * Level 2.8 Air Magic


You had 2 spell levels left.
You knew the following spells:

 Your Spells              Type           Power      Damage    Failure   Level
a - Shock                 Conj/Air       28%        1d4       99%         1

Your spell library contained the following spells:

 Spells                   Type           Power      Damage    Failure   Level
 Static Discharge         Conj/Air       14%        2-3/arc   100%        2
 Swiftness                Air            11%        N/A       100%        3
 Airstrike                Air            5%         2d(1-17)  100%        4


Dungeon Overview and Level Annotations

Branches:
Dungeon (1/15)


Innate Abilities, Weirdness & Mutations

You have an increased reservoir of magic. (+10% MP)
You shall have no god before yourself.
Your divine heritage dramatically boosts your attributes as you level up.


Message History

The jackal bites you.
* * * LOW HITPOINT WARNING * * *
You closely miss the jackal.
The jackal is moderately wounded.
Your extra speed is starting to run out.
The jackal closely misses you.
You hit the jackal but do no damage.
The jackal is moderately wounded.
You closely miss the jackal.
The jackal is moderately wounded.
The jackal bites you but does no damage.
You closely miss the jackal.
The jackal is moderately wounded.
The jackal barely misses you.
You barely miss the jackal.
The jackal is moderately wounded.
The jackal bites you but does no damage.
You hit the jackal.
The jackal is heavily wounded.
The jackal barely misses you.
You hit the jackal.
The jackal is severely wounded.
The jackal bites you.
* * * LOW HITPOINT WARNING * * *
You hit the jackal but do no damage.
The jackal is heavily wounded.
You feel yourself slow down.
The jackal bites you but does no damage.
You barely miss the jackal.
The jackal is heavily wounded.
The jackal bites you but does no damage.
You hit the jackal but do no damage.
The jackal is heavily wounded.
The jackal bites you.
* * * LOW HITPOINT WARNING * * *
You hit the jackal but do no damage.
The jackal is heavily wounded.
The jackal bites you but does no damage.
The jackal bites you.
You die...

###. ..... ####...r.
#####........
#............ .
#.###.####..... #.#
#.####b.... #.#
#..@hrK...# #.#
######.#... #####
#.# ###...### #.#
##.......# #.#
#......... #.#
#....♣.... #.#
#......... #.#
############.......#
#.#
#..........###...###


You could see a quokka, a jackal, a bat and a kobold.

Vanquished Creatures
  2 jackals (D:1)
  A frilled lizard (D:1)
  A rat (D:1)
4 creatures vanquished.

Notes
Turn   | Place    | Note
-------+----------+-------------------------------------------
     0 | D:1      | tizbic2 the Demigod Air Elementalist began the quest for
                  | the Orb.
     0 | D:1      | Reached XP level 1. HP: 14/14 MP: 5/5
   231 | D:1      | Slain by a jackal

Illustrated notes

Levels and vault maps discovered:
D:1:      dpeg_arrival_three_same_balls, layout_basic

Action                     || total
---------------------------++-------
  Melee: Unarmed           ||   102
         Punch             ||     1
    Use: Potion            ||     1
 Armour: Chain mail        ||    68
  Dodge: Dodged            ||    24
